 Dungeon Crawl Stone Soup version 0.25-a0-251-g572059c536 (webtiles) character file.

Game seed: 12357867689839441569, levelgen mode: deterministic

95 saltlakrits the Sneak (level 4, -3/27 HPs)
             Began as an Octopode Fire Elementalist on Dec 5, 2019.
             Slain by a hobgoblin
             ... wielding a +0 club
              (4 damage)
             ... on level 2 of the Dungeon.
             The game lasted 00:08:18 (2484 turns).

saltlakrits the Sneak (Octopode Fire Elementalist)  Turns: 2484, Time: 00:08:18

Health: -3/27      AC:  1    Str:  7    XL:     4   Next: 66%
Magic:  3/7        EV: 14    Int: 18    God:
Gold:   105        SH:  0    Dex: 12    Spells: 3/7 levels left

rFire    . . .     SeeInvis .   (no weapon)
rCold    . . .     Gourm    .   (no shield)
rNeg     . . .     Faith    .   (helmet restricted)
rPois    .         Spirit   .   (no amulet)
rElec    .         Reflect  .   (no ring)
rCorr    .         Harm     .   (no ring)
MR       .....                  (no ring)
Stlth    +++.......             (no ring)
HPRegen  0.09/turn              (no ring)
MPRegen  0.10/turn              (no ring)
                                (no ring)
                                (no ring)

@: no status effects
A: almost no armour, stealthy swim, amphibious, 8 rings, constrict 8, camouflage
1, gelatinous body 1
a: no special abilities


You were on level 2 of the Dungeon.
You were hungry.

You visited 1 branch of the dungeon, and saw 2 of its levels.

You collected 105 gold pieces.

Inventory:

Hand Weapons
 k - a +0 short sword of venom
Jewellery
 h - an uncursed amulet of the acrobat {unknown}
Scrolls
 a - a scroll of fog {unknown}
 c - 2 scrolls of remove curse
 d - a scroll of blinking {unknown}
 m - 2 scrolls of teleportation
Potions
 e - 3 potions of curing {unknown}
 g - a potion of magic {unknown}
 i - 2 potions of flight {unknown}
 j - a potion of mutation {unknown}
Comestibles
 b - 2 rations
 l - 3 chunks of flesh


   Skills:
 * Level 3.5 Dodging
 - Level 4.0 Stealth
 - Level 2.0 Spellcasting
 - Level 1.0 Conjurations
 + Level 3.8 Fire Magic


You had 3 spell levels left.
You knew the following spells:

 Your Spells              Type           Power        Failure   Level  Hunger
a - Foxfire               Conj/Fire      ##..         7%          1    #......
b - Conjure Flame         Conj/Fire      ##......     21%         3    ###....

Your spell library contained the following spells:

 Spells                   Type           Power        Failure   Level  Hunger
 Inner Flame              Hex/Fire       #.......     26%         3    ###....
 Sticky Flame             Conj/Fire      ##......     54%         4    #####..
 Fireball                 Conj/Fire      ##........   88%         5    ######.


Dungeon Overview and Level Annotations

Branches:
Dungeon (2/15)

Altars:
Ashenzari
Ru


Innate Abilities, Weirdness & Mutations

You cannot wear most types of armour.
You are very stealthy in the water. (Stealth+)
You are amphibious.
You can wear up to eight rings at the same time.
You can use your tentacles to constrict eight enemies at once.
Your skin changes colour to match your surroundings (Stealth+).
Your rubbery body absorbs attacks. (AC +1, EV +1)


Message History

You constrict the hound, but do no damage.
The hound bites you. The hobgoblin closely misses you. The hound bites you.
* * * LOW HITPOINT WARNING * * *
As you read the scroll labeled LYD FAAFEODDIM, it crumbles to dust.
You feel blessed for a moment.
It was a scroll of remove curse.
You constrict the hound.
The foxfire hits the hound.
The hound is almost dead.
The hound bites you.
* * * LOW HITPOINT WARNING * * *
The hobgoblin closely misses you.
As you read the scroll labeled SURRUE ZIHOGHA, it crumbles to dust.
It is a scroll of identify.
m - 2 scrolls of teleportation You constrict the hound.
You kill the hound!
The hobgoblin closely misses you.
Casting: Foxfire (safe; 7% risk of failure)
Confirm with . or Enter, or press ? or * to list all spells.
You conjure some foxfire!
The hobgoblin hits you with a +0 club.
You die...

#..####...# #.#
#.........####.#####
#.# ### #....รท.....#
#.# ### #.....####.#
##.#######.....# #.###
#....'_'.).#...####....
#..###'###.##..........
#..# #v# #.##.#####..##
#..###@###.##.# #..#
#....vvg...#... #..#
#.###.......... #..#
... .......##.. #..#
#.##.###.#...# ...# ..
#. #.#..... .... # ..
#.#...... ..... .. ..
..#....... .#.
...(......


You could see a hobgoblin.

Vanquished Creatures
  A hound (D:2)
  An ooze (D:2)
  A worm (D:2)
  5 dart slugs
  7 bats
  3 giant cockroaches (D:1)
  7 goblins
  8 hobgoblins
  A quokka (D:2)
  3 frilled lizards
  8 kobolds
  2 rats (D:1)
47 creatures vanquished.

Vanquished Creatures (others)
  89 foxfires
89 creatures vanquished.

Grand Total: 136 creatures vanquished

Notes
Turn   | Place    | Note
-------+----------+-------------------------------------------
     0 | D:1      | saltlakrits the Octopode Fire Elementalist began the quest
                  | for the Orb.
     0 | D:1      | Reached XP level 1. HP: 11/11 MP: 3/3
   113 | D:1      | Reached skill level 3 in Stealth
   127 | D:1      | Reached XP level 2. HP: 12/17 MP: 1/5
   632 | D:1      | Reached XP level 3. HP: 12/21 MP: 3/6
   764 | D:1      | Reached skill level 4 in Stealth
  2014 | D:2      | Found a sacrificial altar of Ru.
  2140 | D:2      | Learned a level 3 spell: Conjure Flame
  2278 | D:2      | Reached XP level 4. HP: 27/27 MP: 3/7
  2455 | D:2      | Found a shattered altar of Ashenzari.
  2482 | D:2      | HP: 1/27 [hound (2)]
  2484 | D:2      | Slain by a hobgoblin

Levels and vault maps discovered:
D:1:      lemuel_arrival_cross, layout_basic, minmay_quantized
D:2:      cheibrodos_helix_gallery, layout_loops_ring, lemuel_doored_altar,
          nicolae_ru_awakened_eye, chequers_ecumenical_altar_grove,
          uniq_crazy_yiuf_cottage

Skill      XL: |  1  2  3 |
---------------+----------+-----
Stealth        | 3 4 |  4.0
Dodging        | 3 |  3.5
Spellcasting   | |  2.0
Conjurations   | |  1.0
Fire Magic     | |  3.8

Action                   |  1- 3 |  4- 6 || total
-------------------------+-------+-------++-------
Melee: Unarmed           |    59 |     5 ||    64
       Constrict         |    15 |     2 ||    17
       Tentacles         |    10 |       ||    10
 Cast: Foxfire           |    42 |    11 ||    53
  Use: Scroll            |       |     2 ||     2
 Stab: Sleeping          |     4 |       ||     4
  Eat: Chunk             |     5 |       ||     5
Armor: Skin              |     8 |       ||     8
Dodge: Dodged            |    56 |     8 ||    64

Table legend:
 A = Non-vault XP
 B = Vault XP
 C = Vault XP percentage of total XP
 D = Non-vault monster count
 E = Vault monster count
 F = Vault count percentage of total count
                 A         B        C        D         E       F
            +---------+---------+-------+---------+---------+-------
      Total |     122 |      15 |  10.9 |      39 |       8 |  17.0
            +---------+---------+-------+---------+---------+-------
        D:1 |      48 |      11 |  18.6 |      26 |       6 |  18.8
        D:2 |      74 |       4 |   5.1 |      13 |       2 |  13.3
            +---------+---------+-------+---------+---------+-------
